 Dungeon Crawl Stone Soup version 0.31-a0-1227-g0136665373 (webtiles) character file.

Game seed: 14435730757589672184

137 Drazool the Magician (level 5, -1/52 HPs)
             Began as a Djinni Fire Elementalist on Dec 14, 2023.
             Slain by a hobgoblin (2 damage)
             ... on level 3 of the Dungeon.
             The game lasted 00:05:42 (2188 turns).

Drazool the Magician (Djinni Fire Elementalist)     Turns: 2188, Time: 00:05:43

Health: -1/52      AC:  2    Str:  7    XL:     5   Next: 44%
Gold:   138        EV: 12    Int: 18    God:
                   SH:  0    Dex: 14

rFire   + + +        f - staff of fire {!a}
rCold   x . .        (no shield)
rNeg    . . .        a - +0 robe
rPois   ∞            (no helmet)
rElec   .            (no cloak)
rCorr   .            (no gloves)
SInv    .            (boots unavailable)
Will    .....        b - amulet of the acrobat Stlth
                     (no ring)
HPRegen 0.28/turn    (no ring)
MPRegen 0.00/turn

%: acrobat, infuse magic (-2 HP)
@: mighty, berserking, flying, very quick
A: sickness immunity, fire resistance 2, cold vulnerability 1, float, innate
caster, HP casting, extra vitality 1
a: no special abilities


You were on level 3 of the Dungeon.
You visited 1 branch of the dungeon, and saw 3 of its levels.

You collected 138 gold pieces.


Innate Abilities, Weirdness & Mutations

You are immune to sickness and miasma.
You are immune to poison.
Your flesh is very heat resistant. (rF++)
You are vulnerable to cold. (rC-)
You float through the air rather than walking.
You learn spells naturally, not from books.
Your magical power is your life essence.
You have superior vitality. (+4 MHP)


   Skills:
 - Level 2.1 Dodging
 - Level 1.5 Stealth
 + Level 4.7 Spellcasting
 + Level 4.7 Conjurations
 + Level 4.7 Hexes
   Level 0.0 Charms
 + Level 4.7 Summonings
 + Level 4.7 Necromancy
 + Level 4.7 Translocations
 + Level 4.7 Transmutations
 + Level 4.7 Fire Magic
 + Level 4.7 Ice Magic
 + Level 4.7 Air Magic
 + Level 4.7 Earth Magic
 + Level 4.7 Poison Magic


You knew the following spells:

 Your Spells              Type           Power      Damage    Failure   Level
f - Foxfire               Conj/Fire      100%       2x1d9     1%          1
r - Inner Flame           Hex/Fire       31%        N/A       6%          3
z - Sandblast             Erth           42%        2d11      1%          1
B - Blink                 Tloc           42%        N/A       3%          2
X - Scorch                Fire           62%        2d7       3%          2
Y - Volatile Blastmotes   Fire/Tloc      62%        2d15      6%          3
Z - Flame Wave            Conj/Fire      31%        2d9       21%         4
Your spell library was empty.

Inventory:

Armour
 a - a +0 robe (worn)
Magical Staves
 f - a staff of fire (weapon) {!a}
Jewellery
 b - an amulet of the acrobat (around neck)
Scrolls
 d - a scroll of brand weapon {unknown}
 h - 4 scrolls of teleportation {unknown}
 l - 2 scrolls of identify {unknown}
 m - a scroll of immolation {unknown}
 n - a scroll of blinking {unknown}
 o - a scroll of poison {unknown}
Potions
 c - a potion of resistance {unknown}
 e - a potion of curing {unknown}
 g - a potion of might
 i - a potion of ambrosia {unknown}
 j - a potion of berserk rage {!q}
 k - a potion of attraction {unknown}

Dungeon Overview and Level Annotations

Branches:
Dungeon (3/15)

Altars:
Qazlal
Xom

Annotations:
D:3 Ijyb

#.######### #.#
#.# ### #.# ..#
#.# #.#
########.# ░†░##
#......#.# ░░..#
#...## .░░.#
#....#@.# ░.░.#
#....#..gg..$...
░░.## ....
#....######
.░░.# #..
...#.## ░.░.# .#
#####.# ░░..#
#.# .░░## #'#
#⚑# ... ###


You could see Ijyb and a hobgoblin.


Message History

* * * LOW HITPOINT WARNING * * *
Ijyb hits you but does no damage.
Unknown command.
Casting: Sandblast (safe; 1% risk of failure)
Confirm with . or Enter, or press ? or * to list all spells.
Aiming: Sandblast (safe; 1% risk of failure)
Press: ? - help, Shift-Dir - straight line, f/p - Ijyb
Aim: Ijyb, wielding a +0 dagger, wearing a +0 scale mail and carrying a wand of iceblast (severely wounded, 81% to hit)
The blast of sand misses Ijyb.
* * * LOW HITPOINT WARNING * * *
The hobgoblin closely misses you. Ijyb barely misses you.
The hobgoblin misses you.
Unknown command.
Unknown command.
Casting: Sandblast (safe; 1% risk of failure)
Confirm with . or Enter, or press ? or * to list all spells.
You don't have enough health to cast this spell.
Unknown command.
Unknown command.
Unknown command.
It was a potion of might.
You feel very mighty all of a sudden. Ijyb misses you.
The hobgoblin barely misses you.
It was a potion of berserk rage.
A red film seems to cover your vision as you go berserk!
You feel yourself moving faster!
You feel mighty! Ijyb hits you with a +0 dagger.
* * * LOW HITPOINT WARNING * * *
The hobgoblin hits you.
You die...

Skill      XL: |  1  2  3 |
---------------+----------+-----
Spellcasting   | 4 |  4.7
Conjurations   | 4 |  4.7
Hexes          | 4 |  4.7
Summonings     | 4 |  4.7
Necromancy     | 4 |  4.7
Translocations | 4 |  4.7
Transmutations | 4 |  4.7
Fire Magic     | 4 |  4.7
Ice Magic      | 4 |  4.7
Air Magic      | 4 |  4.7
Earth Magic    | 4 |  4.7
Poison Magic   | 4 |  4.7
Dodging        | |  2.1
Stealth        | |  1.5

Action                     |  1- 3 |  4- 6 || total
---------------------------+-------+-------++-------
   Cast: Foxfire           |    53 |     4 ||    57
         Scorch            |     4 |     3 ||     7
         Sandblast         |    10 |    25 ||    35
         Volatile Blastmot |       |     1 ||     1
    Use: Potion            |       |     2 ||     2
 Armour: Robe              |     1 |    21 ||    22
  Dodge: Dodged            |       |    14 ||    14

Levels and vault maps discovered:
D:1:      lemuel_arrival_broad_hall, layout_loops_corners, st_stairs_6
D:2:      layout_loops_ring, ebering_ecumenical_altar_mist
D:3:      layout_loops_corners, mainiacjoe_overflow_alcove_1, marbit_many_paths,
          uniq_natasha, uniq_ijyb

Notes
Turn   | Place    | Note
-------+----------+-------------------------------------------
     0 | D:1      | Reached skill level 3 in Spellcasting
     0 | D:1      | Reached skill level 3 in Conjurations
     0 | D:1      | Reached skill level 3 in Hexes
     0 | D:1      | Reached skill level 3 in Summonings
     0 | D:1      | Reached skill level 3 in Necromancy
     0 | D:1      | Reached skill level 3 in Translocations
     0 | D:1      | Reached skill level 3 in Transmutations
     0 | D:1      | Reached skill level 3 in Fire Magic
     0 | D:1      | Reached skill level 3 in Ice Magic
     0 | D:1      | Reached skill level 3 in Air Magic
     0 | D:1      | Reached skill level 3 in Earth Magic
     0 | D:1      | Reached skill level 3 in Poison Magic
     0 | D:1      | Drazool the Djinni Fire Elementalist began the quest for
                  | the Orb.
     0 | D:1      | Drazool set off with the following spells memorised:
                  | Foxfire, Scorch, Volatile Blastmotes, Inner Flame, Flame
                  | Wave.
     0 | D:1      | Reached XP level 1. HP: 15/15 MP: 0/0
   239 | D:1      | Reached XP level 2. HP: 17/21 MP: 0/0
   699 | D:1      | Reached XP level 3. HP: 24/25 MP: 0/0
   699 | D:1      | Learned a level 1 spell: Sandblast
   906 | D:2      | Found a faded altar of an unknown god.
  1361 | D:2      | Reached skill level 4 in Spellcasting
  1361 | D:2      | Reached skill level 4 in Conjurations
  1361 | D:2      | Reached skill level 4 in Hexes
  1361 | D:2      | Reached skill level 4 in Summonings
  1361 | D:2      | Reached skill level 4 in Necromancy
  1361 | D:2      | Reached skill level 4 in Translocations
  1361 | D:2      | Reached skill level 4 in Transmutations
  1361 | D:2      | Reached skill level 4 in Fire Magic
  1361 | D:2      | Reached skill level 4 in Ice Magic
  1361 | D:2      | Reached skill level 4 in Air Magic
  1361 | D:2      | Reached skill level 4 in Earth Magic
  1361 | D:2      | Reached skill level 4 in Poison Magic
  1361 | D:2      | Reached XP level 4. HP: 29/31 MP: 0/0
  1574 | D:3      | Found a stormy altar of Qazlal.
  1618 | D:3      | Noticed Natasha
  1621 | D:3      | Killed Natasha
  1685 | D:3      | Found a shimmering altar of Xom.
  2043 | D:3      | Reached XP level 5. HP: 34/35 MP: 0/0
  2043 | D:3      | Learned a level 2 spell: Blink
  2171 | D:3      | Noticed Ijyb
  2185 | D:3      | HP: 2/35 [hobgoblin (2)]
  2188 | D:3      | Slain by a hobgoblin

Vanquished Creatures
  Natasha (D:3)
  An orc wizard (D:3)
  3 adders
  2 dart slugs (D:2)
  2 orcs (D:3)
  8 bats
  5 endoplasms
  4 giant cockroaches (D:1)
  9 goblins
  3 hobgoblins
  2 quokkas (D:1)
  2 ball pythons
  2 frilled lizards
  5 kobolds
  2 rats (D:1)
51 creatures vanquished.

Vanquished Creatures (others)
  93 foxfires
93 creatures vanquished.

Grand Total: 144 creatures vanquished

Table legend: (Time is in decaauts)
 A = Elapsed time spent in this place.
 B = Non-inter-level travel time spent in this place.
 C = Inter-level travel time spent in this place.
 D = Time resting spent in this place.
 E = Time spent auto-exploring this place.
 F = Levels seen in this place.
 G = Mean time per level.
                   A        B        C        D        E       F      G
               +--------+--------+--------+--------+--------+-----+--------+
         Total |   2204 |   2154 |     50 |      0 |   1861 |   3 |  734.7 |
       Dungeon |   2204 |   2154 |     50 |      0 |   1861 |   3 |  734.7 |
               +--------+--------+--------+--------+--------+-----+--------+

Top non-repeatable levels by time:
     D:1: 907 daAuts
     D:2: 671 daAuts
     D:3: 625 daAuts

Table legend:
 A = Non-vault XP
 B = Vault XP
 C = Vault XP percentage of total XP
 D = Non-vault monster count
 E = Vault monster count
 F = Vault count percentage of total count
                 A         B        C        D         E       F
            +---------+---------+-------+---------+---------+-------
      Total |     147 |      50 |  25.4 |      48 |       3 |   5.9
            +---------+---------+-------+---------+---------+-------
        D:1 |      36 |       2 |   5.3 |      21 |       1 |   4.5
        D:2 |      43 |       0 |   0.0 |      16 |       0 |   0.0
        D:3 |      68 |      48 |  41.4 |      11 |       2 |  15.4
            +---------+---------+-------+---------+---------+-------
